 Dungeon Crawl Stone Soup version 0.18-a0-1805-g8ab820f (webtiles) character file.

1836 MrRokkomies the Poker (level 8, -4/94 HPs)
             Began as a Demigod Summoner on Apr 25, 2016.
             Slain by a killer bee (6 damage)
             ... on level 7 of the Dungeon on Apr 26, 2016.
             The game lasted 00:55:28 (7016 turns).

MrRokkomies the Poker (Demigod Summoner)            Turns: 7016, Time: 00:55:28

Health: -4/94      AC: 24    Str: 13    XL:     8   Next: 56%
Magic:  13/13      EV:  2    Int: 21    God:
Gold:   430        SH:  0    Dex: 16    Spells: 3 memorised, 1 level left

rFire  . . .     SeeInvis .     e - +0 glaive
rCold  . . .     Gourm    .     (armour currently unavailable)
rNeg   + + +     Faith    .     (shield currently unavailable)
rPois  +         Spirit   .     (helmet currently unavailable)
rElec  .         Dismiss  .     (cloak currently unavailable)
rCorr  .         Reflect  .     (gloves currently unavailable)
SustAt +         Harm     .     (boots currently unavailable)
MR     .....     NoTele   +     (no amulet)
Stlth  ++........               t - ring of poison resistance
                                q - ring of flight

@: lethally poisoned (-4 -> -4), tree-form, very slightly contaminated, hasted,
very quick, not resistant to hostile enchantments, unstealthy
A: high mp 1, sustain attributes
a: no special abilities


You were on level 7 of the Dungeon.
You were hungry.
You were a tree.
You visited 1 branch of the dungeon, and saw 7 of its levels.

You collected 430 gold pieces.

Inventory:

Hand Weapons
 a - a +0 trident
 e - a +0 glaive (weapon)
 n - a +0 arbalest
Missiles
 d - 221 stones (quivered)
 h - 14 poisoned needles
 l - 21 bolts
 m - 5 tomahawks of returning
 r - a throwing net
 s - 6 curare-tipped needles
Armour
 j - a +2 pair of boots (melded)
 x - the cursed +0 leather armour "Hidd" (melded) {rElec rCorr MP+9 Str+6}
   (You found it on level 6 of the Dungeon)

   It affects your strength (+6).
   It insulates you from electricity.
   It affects your magic capacity (+9).
   It protects you from acid and corrosion.
   It has a curse placed upon it.
Jewellery
 q - a ring of flight (left branch)
 t - a ring of poison resistance (right branch)
Wands
 y - a wand of enslavement (10/24)
Scrolls
 k - 2 scrolls of remove curse
 o - a scroll of amnesia
 v - a scroll of magic mapping
 w - a scroll of fog
Potions
 g - a potion of cure mutation
Books
 b - a book of Callings

   Spells                             Type                      Level
   a - Summon Small Mammal            Summoning                    1
   b - Call Imp                       Summoning                    2
   c - Call Canine Familiar           Summoning                    3
   d - Summon Guardian Golem          Hexes/Summoning              3
   e - Summon Lightning Spire         Summoning/Air                4
   f - Summon Ice Beast               Ice/Summoning                4
Comestibles
 c - 4 bread rations
 f - a beef jerky
 i - 13 fruits
 A - a slice of pizza


   Skills:
 * Level 3.2 Fighting
 * Level 7.4 Polearms
 - Level 1.7 Dodging
 - Level 1.7 Stealth
 - Level 1.7 Spellcasting
 - Level 6.0 Summonings
 - Level 4.1 Air Magic


You had one spell level left.
You knew the following spells:

 Your Spells              Type           Power        Failure   Level  Hunger
a - Call Imp              Summ           ####....     1%          2    ###....
b - Call Canine Familiar  Summ           ####....     4%          3    ###....
c - Summon Lightning Spi  Summ/Air       ###.....     21%         4    #####..


Dungeon Overview and Level Annotations

Branches:
Dungeon (7/15)             Temple (0/1) D:5

Shops:
D:4 =


Innate Abilities, Weirdness & Mutations

You have an increased reservoir of magic (+10% MP).
Your attributes are resistant to harm.


Message History

It was a potion of lignification.
You turn into a tree.
Your +2 pair of boots melds into your body.
The cursed +0 leather armour "Hidd" {rElec rCorr MP+9 Str+6} melds into your body.
Your roots penetrate the ground.
The killer bee stings you but does no damage.
You miss the killer bee.
You feel sick.
The killer bee stings you but does no damage.
The killer bee completely misses you.
You miss the killer bee.
The killer bee stings you but does no damage.
You closely miss the killer bee.
The killer bee stings you but does no damage.
The killer bee stings you.
* * * LOW HITPOINT WARNING * * *
You slash the killer bee!
The killer bee is moderately wounded.
You feel sick.
The killer bee stings you but does no damage.
The killer bee stings you.
You die...

###(y. ###...##
####### ####..y###
#.....###...[###
#....().....).#####
####....[#######......
#.......## ######.
#....[y.###########...
#....7................
#.......#######..#####
#..^....#######.##
##...<......))..#
#.........######
#.........#
#.........# #
#.........# ##
#.........# #.


You could see a killer bee.

Vanquished Creatures
  A hungry ghost (D:7)
  An ogre (D:7)
  An orc warrior (D:7)
  A giant frog (D:6)
  Dowan (D:4)
  3 wights (D:7)
  A howler monkey (D:4)
  A crimson imp (D:7)
  A centaur zombie (D:5)
  2 orc priests
  A hound (D:6)
  2 hell rats (D:6)
  2 orc wizards
  Natasha (twice) (D:2)
  2 worker ants
  An iguana (D:7)
  A killer bee zombie (D:7)
  A hound skeleton (D:4)
  A howler monkey zombie (D:5)
  3 gnolls (D:7)
  3 adders
  2 river rats (D:6)
  An ooze (D:3)
  3 worms
  A giant gecko (D:2)
  10 orcs
  3 giant cockroaches
  4 goblins
  8 hobgoblins
  6 jackals
  5 kobolds
  6 quokkas
  A ball python (D:1)
  9 bats
  A giant gecko skeleton (D:4)
  2 giant gecko zombies
  4 giant newts
  A quokka skeleton (D:6)
  24 rats
123 creatures vanquished.

Vanquished Creatures (collateral kills)
  Duvessa (D:4)
  A black bear (D:7)
  2 ogres
  2 centaurs (D:5)
  2 giant frogs (D:7)
  A wight (D:7)
  2 howler monkeys (D:5)
  2 hounds
  3 orc priests
  A gnoll shaman (D:6)
  2 orc wizards
  Natasha (D:2)
  A hell rat (D:6)
  3 worker ants
  4 gnolls
  4 adders
  A river rat (D:6)
  2 worms (D:2)
  A dart slug (D:3)
  8 orcs
  A hobgoblin (D:3)
  2 jackals (D:2)
  A giant newt (D:2)
  7 rats (D:6)
55 creatures vanquished.

Grand Total: 178 creatures vanquished

Notes
Turn   | Place    | Note
--------------------------------------------------------------
     0 | D:1      | MrRokkomies the Demigod Summoner began the quest for the Orb.
     0 | D:1      | Reached XP level 1. HP: 14/14 MP: 5/5
   418 | D:1      | Reached skill level 1 in Polearms
   568 | D:1      | Reached XP level 2. HP: 20/20 MP: 7/7
   572 | D:1      | Learned a level 2 spell: Call Imp
  1200 | D:2      | Noticed Natasha
  1223 | D:2      | Killed Natasha
  1223 | D:2      | Reached skill level 2 in Polearms
  1223 | D:2      | Reached XP level 3. HP: 5/26 MP: 4/8
  1260 | D:2      | Noticed Natasha
  1269 | D:2      | Killed Natasha
  1294 | D:2      | Noticed Natasha
  1312 | D:2      | Killed Natasha
  1312 | D:2      | Reached XP level 4. HP: 11/33 MP: 4/9
  1362 | D:2      | Learned a level 3 spell: Call Canine Familiar
  2139 | D:3      | Reached skill level 3 in Polearms
  2177 | D:3      | Reached XP level 5. HP: 12/38 MP: 2/10
  3052 | D:3      | Reached skill level 5 in Summonings
  3297 | D:4      | Found an oddly glowing altar of Pakellas.
  3298 | D:4      | Found a shadowy altar of Dithmenos.
  3298 | D:4      | Found a burning altar of Makhleb.
  3298 | D:4      | Found a sparkling altar of Nemelex Xobeh.
  3303 | D:4      | Found an iron altar of Okawaru.
  3387 | D:4      | Noticed an ogre
  3424 | D:4      | Killed an ogre
  3833 | D:4      | Found Gabac's Jewellery Emporium.
  3976 | D:4      | Reached skill level 4 in Polearms
  3976 | D:4      | Reached XP level 6. HP: 38/45 MP: 8/11
  3991 | D:4      | Gained mutation: You are occasionally teleported next to monsters. [potion of mutation]
  3991 | D:4      | Gained mutation: Your natural rate of healing is unusually fast. [potion of mutation]
  3991 | D:4      | Gained mutation: You have a pair of small antennae on your head. [potion of mutation]
  4074 | D:4      | Noticed Duvessa
  4074 | D:4      | Noticed Dowan
  4092 | D:4      | Killed Duvessa
  4115 | D:4      | Killed Dowan
  4390 | D:5      | Entered Level 5 of the Dungeon
  4424 | D:5      | Reached skill level 1 in Fighting
  4548 | D:5      | Reached skill level 5 in Polearms
  4548 | D:5      | Reached XP level 7. HP: 23/52 MP: 2/12
  4639 | D:5      | Found a deep blue altar of Sif Muna.
  5226 | D:5      | Found a staircase to the Ecumenical Temple.
  5652 | D:6      | Got a fine leather armour
  5663 | D:6      | Identified the cursed +0 leather armour "Hidd" {rElec rCorr MP+9 Str+6} (You found it on level 6 of the Dungeon)
  5891 | D:6      | Learned a level 4 spell: Summon Lightning Spire
  6049 | D:6      | Reached skill level 6 in Polearms
  6188 | D:6      | Reached skill level 1 in Air Magic
  6436 | D:7      | Noticed a hungry ghost
  6473 | D:7      | Killed a hungry ghost
  6473 | D:7      | Reached XP level 8. HP: 63/63 MP: 13/13
  6496 | D:7      | Upgraded the game from 0.18-a0-1804-g0930707 to 0.18-a0-1805-g8ab820f
  6817 | D:7      | Reached skill level 7 in Polearms
  7002 | D:7      | Lost mutation: Your natural rate of healing is unusually fast. [potion of cure mutation]
  7002 | D:7      | Lost mutation: You have a pair of small antennae on your head. [potion of cure mutation]
  7002 | D:7      | Lost mutation: You are occasionally teleported next to monsters. [potion of cure mutation]
  7011 | D:7      | HP: 3/63 [killer bee (3)]
  7016 | D:7      | HP: 2/94 [poisoned by a killer bee]
  7016 | D:7      | Slain by a killer bee

Vault maps used:
D:1:      dpeg_arrival_rhombi, corexii_corridor_pit
D:2:      uniq_natasha
D:3:      kennysheep_flooded_box, kennysheep_generic_room_2
D:4:      minitemple, serial_shops, shop, first_bread, bh_chokoban, uniq_duvessa
D:5:      minmay_temple_entry_glassed_door, basic_altar
D:6:      lemuel_ratsnest

Skill      XL: |  1  2  3  4  5  6  7  8 |
---------------+-------------------------+-----
Polearms       | 1 2 3 4 5 6 7 |  7.4
Summonings     | 4 5 6 |  6.0
Fighting       | 1 3 |  3.2
Air Magic      | 2 4 |  4.1
Dodging        | |  1.7
Stealth        | |  1.7
Spellcasting   | |  1.7

Action                   |  1- 3 |  4- 6 |  7- 9 || total
-------------------------+-------+-------+-------++-------
Melee: Spear             |   102 |   323 |   330 ||   755
       Unarmed           |    10 |       |       ||    10
       Trident           |       |       |    65 ||    65
       Glaive            |       |       |     5 ||     5
 Cast: Call Imp          |     7 |    11 |    23 ||    41
       Call Canine Famil |       |    18 |    20 ||    38
  Use: Scroll            |     7 |     5 |     4 ||    16
       Potion            |     1 |     4 |     6 ||    11
 Stab: Sleeping          |     3 |     6 |     5 ||    14
       Distracted        |     1 |     5 |     3 ||     9
  Eat: Chunk             |     2 |    10 |    14 ||    26
       Bread ration      |       |     1 |       ||     1
       Beef jerky        |       |       |     1 ||     1
Armor: Robe              |    29 |    72 |    36 ||   137
       Leather armour    |       |       |    57 ||    57
       Skin              |       |       |     5 ||     5
Dodge: Dodged            |    62 |   176 |   167 ||   405
